Thunder vs National
Created - 14 décembre 2014 at 19:16
Goals
|
| Thunder |
0 |
0 |
1 |
1 |
| National |
0 |
1 |
5 |
6 |
|
Shots
|
| Thunder |
7 |
4 |
11 |
22 |
| National |
15 |
8 |
16 |
39 |
|
1st period
No Goal
Penalties :
Jonathan Matsumoto (Que) for Interference (Minor) at 7:09, Pierre-Alexandre Parenteau (TRO) for Cross-checking (Minor) at 17:55
2nd period
1. National , Jonathan Cheechoo 19 (Pasi Salonen, Jonathan Matsumoto) at 17:23
Penalties :
Jonathan Matsumoto (Que) for Slashing (Minor) at 17:50
3rd period
2. National , Pasi Salonen 11 (Dustin Kohn) at 1:57
3. National , Guillaume Desbiens 13 (Mikael Backlund, Rico Fata) at 3:33
4. National , Mikael Backlund 18 (Ty Wishart, Guillaume Desbiens) at 6:23 (PP)
5. National , Jonathan Cheechoo 20 (Jonathan Matsumoto, Pasi Salonen) at 7:00
6. National , David Desharnais 14 (Pat Dwyer, Janne Niskala) at 9:36
7. Thunder , Jannik Hansen 3 (Scott Parse, Tim Gleason) at 17:21
Penalties :
Matt D'Agostini (TRO) for Hooking (Minor) at 6:02, Brett Festerling (TRO) for Hooking (Minor) at 19:44
Goalie Stats
Mark Dekanich (TRO), 33 saves from 39 shots - (0,846), L, 0-6-0, 60:00 minutes
Tyler Plante (Que), 21 saves from 22 shots - (0,955), W, 6-4-0, 60:00 minutes
Players Stats for Thunder
Player Name G A P +/- PIM S H SB GA TA FO MP PP MP PK MP
------------------------------------------------------------------------------------
Brandon Mashinter 0 0 0 0 0 0 1 0 0 0 4/5 13:38 0:00 0:18
Brett Festerling 0 0 0 -1 2 0 0 0 0 0 0/0 6:32 0:00 0:00
Colby Cohen 0 0 0 0 0 0 0 0 0 0 0/0 0:00 0:00 0:00
Dany Roussin 0 0 0 -2 0 4 1 0 1 0 1/2 19:47 1:54 0:18
Daultan Leveillé 0 0 0 -2 0 0 0 0 0 0 1/5 13:34 0:00 0:00
David Fischer 0 0 0 0 0 0 0 0 0 0 0/0 0:00 0:00 0:00
Derek Peltier 0 0 0 -1 0 2 0 0 0 1 0/0 18:50 1:14 0:39
Doug Janik 0 0 0 -1 0 1 0 1 2 1 0/0 25:09 2:44 1:56
Jannik Hansen 1 0 1 -2 0 3 1 0 1 0 0/0 14:10 0:06 0:00
Jeff Finger 0 0 0 -1 0 0 1 1 0 0 0/0 18:18 1:14 0:39
Jesse Blacker 0 0 0 0 0 0 0 0 0 0 0/0 0:00 0:00 0:00
Joey Ryan 0 0 0 -1 0 1 0 0 0 0 0/0 11:25 0:00 0:00
Kelly Zajac 0 0 0 0 0 0 0 0 0 0 0/0 0:00 0:00 0:00
Kevin Montgomery 0 0 0 0 0 0 0 0 0 0 0/0 0:00 0:00 0:00
Mat Clark 0 0 0 0 0 0 0 0 0 0 0/0 0:00 0:00 0:00
Matt D'Agostini 0 0 0 -2 2 1 2 1 0 0 0/1 18:38 1:54 0:00
Pierre-Alexandre Parente 0 0 0 0 2 0 0 0 1 0 1/1 13:46 1:58 0:00
Ray Macias 0 0 0 -1 0 1 0 0 0 0 0/0 11:25 0:00 0:00
Robin Leblanc 0 0 0 0 0 1 1 1 1 0 1/1 12:50 0:06 0:00
Samuel Pahlsson 0 0 0 0 0 0 1 0 2 0 16/28 24:40 1:58 2:17
Scott Parse 0 1 1 -2 0 3 2 0 1 1 0/0 25:17 2:04 2:17
Slava Voynov 0 0 0 -1 0 0 0 0 0 0 0/0 5:11 0:00 0:00
Taylor Doherty 0 0 0 0 0 0 0 0 0 0 0/0 0:00 0:00 0:00
Tim Gleason 0 1 1 -1 0 1 3 2 0 2 0/0 25:06 2:44 1:56
Tom Pyatt 0 0 0 -2 0 4 3 1 0 1 4/8 19:06 1:54 0:00
Players Stats for National
Player Name G A P +/- PIM S H SB GA TA FO MP PP MP PK MP
------------------------------------------------------------------------------------
Chris Mueller 0 0 0 0 0 0 1 0 0 0 2/2 8:42 0:00 0:00
David Desharnais 1 0 1 1 0 3 1 1 0 0 2/4 11:19 0:00 0:13
Dustin Kohn 0 1 1 -1 0 2 1 1 0 0 0/0 19:23 0:18 1:51
Erik Gustafsson 0 0 0 2 0 1 2 0 1 1 0/0 25:05 0:18 1:51
Guillaume Desbiens 1 1 2 1 0 7 4 1 1 0 0/0 21:47 2:17 1:01
Igor Makarov 0 0 0 0 0 2 1 0 0 0 0/0 8:42 0:00 0:00
Janne Niskala 0 1 1 2 0 6 3 1 0 3 0/0 28:31 2:17 1:36
Johannes Salmonsson 0 0 0 1 0 1 0 0 0 0 0/0 11:06 0:00 0:00
Jonathan Cheechoo 2 0 2 2 0 3 3 1 0 0 0/0 16:15 0:18 1:01
Jonathan Matsumoto 0 2 2 2 4 1 3 0 0 0 3/11 15:26 0:18 0:00
Magnus Paajarvi-Svensson 0 0 0 0 0 1 2 0 0 0 0/0 9:54 0:00 1:02
Mikael Backlund 1 1 2 1 0 2 2 1 3 1 15/29 22:16 2:17 1:30
Pasi Salonen 1 2 3 2 0 5 3 0 0 1 1/2 17:10 0:18 1:52
Pat Dwyer 0 1 1 1 0 1 2 1 1 1 0/1 12:37 0:00 1:17
Philip Larsen 0 0 0 2 0 0 1 1 0 1 0/0 12:53 0:00 0:31
Rico Fata 0 1 1 1 0 2 2 0 0 0 0/2 20:46 2:17 0:00
Ty Wishart 0 1 1 3 0 2 3 1 0 1 0/0 28:00 2:17 1:36
William Colbert 0 0 0 0 0 0 0 0 0 0 0/0 6:08 0:00 0:31
3 Stars
1 - Jonathan Cheechoo (Que)
2 - Pasi Salonen (Que)
3 - Guillaume Desbiens (Que)
Power Play
Thunder - 0 on 2 Attempt(s) - 0,00%
National - 1 on 3 Attempt(s) - 33,33%
Penalty Kill
Thunder - 2 on 3 Attempt(s) - 66,67%
- Score 0 goal in Penalty Kill
National - 2 on 2 Attempt(s) - 100,00%
- Score 0 goal in Penalty Kill
Official
Referees : Furlatt Eric and LaRue Dennis
Linesman : Brad Kovachik and Jay Sharrers
Game Notes
No Game Note
Finance
Level 1 -- Attendance: 1378 (68,90%) -- Ticket Income 34 450 $
Level 2 -- Attendance: 676 (67,60%) -- Ticket Income 10 140 $
Total Attendance: 2054 (68,47%)
Total Ticket Income: 44 590 $
Other Income: 2 230 $
Total Income: 46 820 $
Thunder
5 vs 5 Forward
Center Left Wing Right Wing Time % Phy DF OF
1 Samuel Pahlsson Scott Parse Pierre-Alexandre Parentea40 1 2 2
2 Tom Pyatt Dany Roussin Matt D'Agostini 30 1 2 2
3 Brandon Mashinter Samuel Pahlsson Robin Leblanc 20 1 2 2
4 Daultan Leveillé Scott Parse Jannik Hansen 10 1 2 2
5 vs 5 Defense
Defense Defense Time % Phy DF OF
1 Tim Gleason Doug Janik 40 1 2 2
2 Jeff Finger Derek Peltier 30 1 2 2
3 Ray Macias Joey Ryan 20 1 2 2
4 Slava Voynov Brett Festerling 10 1 2 2
PowerPlay Forward
Center Left Wing Right Wing Time % Phy DF OF
1 Samuel Pahlsson Scott Parse Pierre-Alexandre Parentea60 1 2 2
2 Tom Pyatt Dany Roussin Matt D'Agostini 40 1 2 2
PowerPlay Defense
Defense Defense Time % Phy DF OF
1 Tim Gleason Doug Janik 60 1 2 2
2 Jeff Finger Derek Peltier 40 1 2 2
Penalty Kill 4 Players Forward
Center Wing Time % Phy DF OF
1 Samuel Pahlsson Scott Parse 60 1 2 2
2 Dany Roussin Pierre-Alexandre Parentea40 1 2 2
Penalty Kill 4 Players Defense
Defense Defense Time % Phy DF OF
1 Tim Gleason Doug Janik 60 1 2 2
2 Jeff Finger Derek Peltier 40 1 2 2
Penalty Kill - 3 Players Forward
Forward Time % Phy DF OF
1 Samuel Pahlsson 60 1 2 2
2 Scott Parse 40 1 2 2
Penalty Kill - 3 Players Defense
Defense Defense Time % Phy DF OF
1 Tim Gleason Doug Janik 60 1 2 2
2 Jeff Finger Derek Peltier 40 1 2 2
4 vs 4 Forward
Center Wing Time % Phy DF OF
1 Samuel Pahlsson Scott Parse 60 1 2 2
2 Dany Roussin Pierre-Alexandre Parentea40 1 2 2
4 vs 4 Defense
Defense Defense Time % Phy DF OF
1 Tim Gleason Doug Janik 60 1 2 2
2 Jeff Finger Derek Peltier 40 1 2 2
Last Minutes Offensive
Center Left Wing Right Wing Defense Defense
Samuel Pahlsson Scott Parse Pierre-Alexandre ParenteaTim Gleason Doug Janik
Last Minutes Defensive
Center Left Wing Right Wing Defense Defense
Samuel Pahlsson Scott Parse Pierre-Alexandre ParenteaTim Gleason Doug Janik
Goaltenders
Starting : Mark Dekanich
Backup : Devan Dubnyk
Extra Forwards
Normal : Robin Leblanc, Jannik Hansen, Brandon Mashinter - PP : Robin Leblanc, Jannik Hansen - PK : Brandon Mashinter
Extra Defensemen
Normal : Ray Macias, Joey Ryan, Slava Voynov - PP : Ray Macias - PK : Joey Ryan, Slava Voynov
Penalty Shots
Samuel Pahlsson, Scott Parse, Dany Roussin, Pierre-Alexandre Parenteau, Matt D'Agostini
National
5 vs 5 Forward
Center Left Wing Right Wing Time % Phy DF OF
1 Mikael Backlund Rico Fata Guillaume Desbiens 40 0 2 3
2 Jonathan Matsumoto Pasi Salonen Jonathan Cheechoo 30 0 2 3
3 David Desharnais Johannes Salmonsson Pat Dwyer 20 1 2 2
4 Chris Mueller Magnus Paajarvi-Svensson Igor Makarov 10 1 2 2
5 vs 5 Defense
Defense Defense Time % Phy DF OF
1 Janne Niskala Ty Wishart 40 1 2 2
2 Dustin Kohn Erik Gustafsson 30 1 2 2
3 Philip Larsen Erik Gustafsson 20 1 2 2
4 Janne Niskala Ty Wishart 10 1 2 2
PowerPlay Forward
Center Left Wing Right Wing Time % Phy DF OF
1 Mikael Backlund Rico Fata Guillaume Desbiens 60 0 1 4
2 Jonathan Matsumoto Pasi Salonen Jonathan Cheechoo 40 0 1 4
PowerPlay Defense
Defense Defense Time % Phy DF OF
1 Janne Niskala Ty Wishart 60 0 2 3
2 Dustin Kohn Erik Gustafsson 40 0 2 3
Penalty Kill 4 Players Forward
Center Wing Time % Phy DF OF
1 Mikael Backlund Pasi Salonen 60 1 2 2
2 Guillaume Desbiens Jonathan Cheechoo 40 1 2 2
Penalty Kill 4 Players Defense
Defense Defense Time % Phy DF OF
1 Janne Niskala Ty Wishart 60 1 2 2
2 Dustin Kohn Erik Gustafsson 40 1 2 2
Penalty Kill - 3 Players Forward
Forward Time % Phy DF OF
1 Mikael Backlund 60 1 2 2
2 Pasi Salonen 40 1 2 2
Penalty Kill - 3 Players Defense
Defense Defense Time % Phy DF OF
1 Janne Niskala Ty Wishart 60 1 2 2
2 Dustin Kohn Erik Gustafsson 40 1 2 2
4 vs 4 Forward
Center Wing Time % Phy DF OF
1 Mikael Backlund Pasi Salonen 60 0 2 3
2 Jonathan Matsumoto Jonathan Cheechoo 40 0 2 3
4 vs 4 Defense
Defense Defense Time % Phy DF OF
1 Janne Niskala Ty Wishart 60 1 2 2
2 Dustin Kohn Erik Gustafsson 40 1 2 2
Last Minutes Offensive
Center Left Wing Right Wing Defense Defense
Mikael Backlund Rico Fata Guillaume Desbiens Janne Niskala Ty Wishart
Last Minutes Defensive
Center Left Wing Right Wing Defense Defense
Mikael Backlund Rico Fata Guillaume Desbiens Janne Niskala Ty Wishart
Goaltenders
Starting : Tyler Plante
Backup : Keith Kinkaid
Extra Forwards
Normal : Johannes Salmonsson, Chris Mueller, Pat Dwyer - PP : Johannes Salmonsson, Chris Mueller - PK : Pat Dwyer
Extra Defensemen
Normal : Philip Larsen, Erik Gustafsson, Dustin Kohn - PP : Philip Larsen - PK : Erik Gustafsson, Dustin Kohn
Penalty Shots
Rico Fata, Pasi Salonen, Guillaume Desbiens, Jonathan Cheechoo, Mikael Backlund
% Time on Ice - Thunder
Lines # - Real PCT - Wanted PCT - Time Play
Normal Forward
1 - 22% - 40% - 11:45
2 - 31% - 30% - 16:50
3 - 22% - 20% - 11:53
4 - 24% - 10% - 12:59
Normal Defense
1 - 38% - 40% - 20:26
2 - 31% - 30% - 16:25
3 - 21% - 20% - 11:25
4 - 10% - 10% - 5:11
PP Forward
1 - 52% - 60% - 2:04
2 - 48% - 40% - 1:54
PP Defense
1 - 69% - 60% - 2:44
2 - 31% - 40% - 1:14
PK Forward
1 - 88% - 60% - 2:17
2 - 12% - 40% - 0:18
PK Defense
1 - 75% - 60% - 1:56
2 - 25% - 40% - 0:39
PK3 Forward
1 - 0% - 60%
2 - 0% - 40%
PK3 Defense
1 - 0% - 60%
2 - 0% - 40%
44 Forward
1 - 0% - 60%
2 - 0% - 40%
44 Defense
1 - 0% - 60%
2 - 0% - 40%
Last Minute Offensive - 0:00
Last Minute Defensive - 0:00
Total
Forward - 60:00
Defense - 60:00
|
% Time on Ice - National
Lines # - Real PCT - Wanted PCT - Time Play
Normal Forward
1 - 35% - 40% - 18:43
2 - 28% - 30% - 14:56
3 - 21% - 20% - 11:06
4 - 16% - 10% - 8:42
Normal Defense
1 - 40% - 40% - 21:35
2 - 31% - 30% - 16:29
3 - 22% - 20% - 11:48
4 - 7% - 10% - 3:35
PP Forward
1 - 88% - 60% - 2:17
2 - 12% - 40% - 0:18
PP Defense
1 - 88% - 60% - 2:17
2 - 12% - 40% - 0:18
PK Forward
1 - 74% - 60% - 2:57
2 - 26% - 40% - 1:01
PK Defense
1 - 53% - 60% - 2:07
2 - 47% - 40% - 1:51
PK3 Forward
1 - 0% - 60%
2 - 0% - 40%
PK3 Defense
1 - 0% - 60%
2 - 0% - 40%
44 Forward
1 - 0% - 60%
2 - 0% - 40%
44 Defense
1 - 0% - 60%
2 - 0% - 40%
Last Minute Offensive - 0:00
Last Minute Defensive - 0:00
Total
Forward - 60:00
Defense - 60:00
|
Play by Play
1st period
0:01 of 1st period - Mikael Backlund wins face-off versus Samuel Pahlsson in neutral zone.
0:12 of 1st period - Wrist shot by Guillaume Desbiens.
0:12 of 1st period - Stopped by Mark Dekanich without a rebound.
0:13 of 1st period - Jonathan Matsumoto wins face-off versus Tom Pyatt in Thunder zone.
1:03 of 1st period - Joey Ryan is hit by Igor Makarov and loses puck.
1:34 of 1st period - Snap shot by Scott Parse.
1:34 of 1st period - Stopped by Tyler Plante with a rebound.
1:36 of 1st period - Slapshot by Joey Ryan.
1:36 of 1st period - Shot Misses the Net.
1:44 of 1st period - Wrist shot by Jannik Hansen.
1:44 of 1st period - Stopped by Tyler Plante with a rebound.
1:46 of 1st period - Slapshot by Joey Ryan.
1:46 of 1st period - Stopped by Tyler Plante with a rebound.
2:01 of 1st period - Snap shot by Ray Macias.
2:01 of 1st period - Shot Blocked by Dustin Kohn.
2:03 of 1st period - Slapshot by Ray Macias.
2:03 of 1st period - Deflect By Pasi Salonen.
2:03 of 1st period - Stopped by Tyler Plante with a rebound.
2:07 of 1st period - Slapshot by Scott Parse.
2:07 of 1st period - Deflect By Jannik Hansen.
2:07 of 1st period - Stopped by Tyler Plante without a rebound.
2:08 of 1st period - Mikael Backlund wins face-off versus Tom Pyatt in National zone.
2:18 of 1st period - Dany Roussin is hit by Guillaume Desbiens and loses puck.
3:17 of 1st period - Snap shot by Igor Makarov.
3:17 of 1st period - Stopped by Mark Dekanich with a rebound.
3:59 of 1st period - Samuel Pahlsson is hit by Janne Niskala and loses puck.
4:15 of 1st period - Icing by Brandon Mashinter.
4:16 of 1st period - Robin Leblanc wins face-off versus David Desharnais in Thunder zone.
4:32 of 1st period - Wrist shot by Johannes Salmonsson.
4:32 of 1st period - Stopped by Mark Dekanich with a rebound.
4:52 of 1st period - Scott Parse is hit by Ty Wishart and loses puck.
5:03 of 1st period - Scott Parse is hit by Guillaume Desbiens and loses puck.
5:10 of 1st period - Ty Wishart is hit by Jannik Hansen and loses puck.
5:51 of 1st period - Icing by Janne Niskala.
5:52 of 1st period - Tom Pyatt wins face-off versus Mikael Backlund in National zone.
6:12 of 1st period - Wrist shot by Rico Fata.
6:12 of 1st period - Shot Misses the Net.
6:14 of 1st period - Wrist shot by Janne Niskala.
6:14 of 1st period - Stopped by Mark Dekanich with a rebound.
6:38 of 1st period - Snap shot by Guillaume Desbiens.
6:38 of 1st period - Stopped by Mark Dekanich without a rebound.
6:39 of 1st period - Brandon Mashinter wins face-off versus Jonathan Matsumoto in Thunder zone.
6:39 of 1st period - Brandon Mashinter is hit by Jonathan Cheechoo.
7:01 of 1st period - Pasi Salonen is hit by Samuel Pahlsson and loses puck.
7:09 of 1st period - Minor Penalty to Jonathan Matsumoto for Interference.
7:10 of 1st period - Samuel Pahlsson wins face-off versus Pat Dwyer in National zone.
9:09 of 1st period - Penalty to Jonathan Matsumoto is over, Jonathan Matsumoto is back on ice.
9:23 of 1st period - Ty Wishart is hit by Brandon Mashinter and loses puck.
9:32 of 1st period - Jeff Finger is hit by Philip Larsen and loses puck.
9:51 of 1st period - Joey Ryan is hit by Jonathan Cheechoo and loses puck.
10:00 of 1st period - Brett Festerling is hit by Jonathan Matsumoto and loses puck.
10:58 of 1st period - Backhand shot by Mikael Backlund.
10:58 of 1st period - Stopped by Mark Dekanich with a rebound.
11:08 of 1st period - Johannes Salmonsson is hit by Scott Parse and loses puck.
11:19 of 1st period - Tim Gleason is hit by Janne Niskala and loses puck.
11:46 of 1st period - Snap shot by David Desharnais.
11:46 of 1st period - Stopped by Mark Dekanich without a rebound.
11:47 of 1st period - Brandon Mashinter wins face-off versus David Desharnais in Thunder zone.
11:55 of 1st period - Icing by Johannes Salmonsson.
11:56 of 1st period - David Desharnais wins face-off versus Daultan Leveillé in National zone.
12:01 of 1st period - Snap shot by Scott Parse.
12:01 of 1st period - Shot Blocked by Pat Dwyer.
12:03 of 1st period - Slapshot by Derek Peltier.
12:03 of 1st period - Stopped by Tyler Plante without a rebound.
12:04 of 1st period - Mikael Backlund wins face-off versus Samuel Pahlsson in National zone.
12:09 of 1st period - Pierre-Alexandre Parenteau is hit by Mikael Backlund.
12:19 of 1st period - Snap shot by Guillaume Desbiens.
12:19 of 1st period - Stopped by Mark Dekanich with a rebound.
13:17 of 1st period - Slapshot by Igor Makarov.
13:17 of 1st period - Shot Blocked by Doug Janik.
13:29 of 1st period - Mikael Backlund is hit by Dany Roussin and loses puck.
14:06 of 1st period - Tom Pyatt is hit by Pat Dwyer and loses puck.
15:43 of 1st period - Dany Roussin is hit by Pasi Salonen and loses puck.
16:09 of 1st period - Brandon Mashinter is hit by Magnus Paajarvi-Svensson and loses puck.
16:22 of 1st period - Slapshot by Janne Niskala.
16:22 of 1st period - Deflect By Dany Roussin.
16:22 of 1st period - Stopped by Mark Dekanich with a rebound.
17:06 of 1st period - Slapshot by Janne Niskala.
17:06 of 1st period - Stopped by Mark Dekanich with a rebound.
17:08 of 1st period - Snap shot by Janne Niskala.
17:08 of 1st period - Stopped by Mark Dekanich with a rebound.
17:10 of 1st period - Snap shot by Pasi Salonen.
17:10 of 1st period - Stopped by Mark Dekanich without a rebound.
17:11 of 1st period - Samuel Pahlsson wins face-off versus Mikael Backlund in Thunder zone.
17:11 of 1st period - Samuel Pahlsson is hit by Dustin Kohn.
17:25 of 1st period - Snap shot by Dany Roussin.
17:25 of 1st period - Stopped by Tyler Plante without a rebound.
17:26 of 1st period - Tom Pyatt wins face-off versus Jonathan Matsumoto in National zone.
17:33 of 1st period - Snap shot by Tom Pyatt.
17:33 of 1st period - Deflect By Matt D'Agostini.
17:33 of 1st period - Shot Blocked by Jonathan Cheechoo.
17:33 of 1st period - Puck is out of play.
17:34 of 1st period - Samuel Pahlsson wins face-off versus Jonathan Matsumoto in National zone.
17:35 of 1st period - Wrist shot by Scott Parse.
17:35 of 1st period - Shot Misses the Net.
17:47 of 1st period - Wrist shot by Pasi Salonen.
17:47 of 1st period - Shot Blocked by Tim Gleason.
17:49 of 1st period - Slapshot by Jonathan Cheechoo.
17:49 of 1st period - Shot Misses the Net.
17:55 of 1st period - Minor Penalty to Pierre-Alexandre Parenteau for Cross-checking.
17:56 of 1st period - Mikael Backlund wins face-off versus Samuel Pahlsson in Thunder zone.
18:28 of 1st period - Slapshot by Janne Niskala.
18:28 of 1st period - Stopped by Mark Dekanich with a rebound.
19:04 of 1st period - Mikael Backlund is hit by Scott Parse and loses puck.
19:32 of 1st period - Wrist shot by Rico Fata.
19:32 of 1st period - Stopped by Mark Dekanich with a rebound.
19:34 of 1st period - Snap shot by Janne Niskala.
19:34 of 1st period - Shot Misses the Net.
19:36 of 1st period - Wrist shot by Rico Fata.
19:36 of 1st period - Stopped by Mark Dekanich without a rebound.
19:37 of 1st period - Dany Roussin wins face-off versus Jonathan Matsumoto in Thunder zone.
19:55 of 1st period - Penalty to Pierre-Alexandre Parenteau is over, Pierre-Alexandre Parenteau is back on ice.
Goals for this period are 0 for Thunder vs 0 for National.
Shots for this period are 7 for Thunder vs 15 for National.
2nd period
0:01 of 2nd period - Samuel Pahlsson wins face-off versus Mikael Backlund in neutral zone.
0:42 of 2nd period - Wrist shot by Tom Pyatt.
0:42 of 2nd period - Shot Misses the Net.
1:11 of 2nd period - Off-side.
1:12 of 2nd period - Chris Mueller wins face-off versus Daultan Leveillé in neutral zone.
1:17 of 2nd period - Snap shot by Magnus Paajarvi-Svensson.
1:17 of 2nd period - Shot Misses the Net.
1:19 of 2nd period - Slapshot by Ty Wishart.
1:19 of 2nd period - Shot Misses the Net.
1:21 of 2nd period - Slapshot by Janne Niskala.
1:21 of 2nd period - Shot Blocked by Tim Gleason.
1:23 of 2nd period - Slapshot by Janne Niskala.
1:23 of 2nd period - Deflect By Magnus Paajarvi-Svensson.
1:23 of 2nd period - Shot Misses the Net.
1:23 of 2nd period - Puck is out of play.
1:24 of 2nd period - Samuel Pahlsson wins face-off versus Jonathan Matsumoto in Thunder zone.
1:53 of 2nd period - Slapshot by Rico Fata.
1:53 of 2nd period - Shot Blocked by Tom Pyatt.
2:10 of 2nd period - Wrist shot by Robin Leblanc.
2:10 of 2nd period - Stopped by Tyler Plante with a rebound.
2:12 of 2nd period - Slapshot by Doug Janik.
2:12 of 2nd period - Shot Misses the Net.
3:21 of 2nd period - Brett Festerling is hit by Mikael Backlund and loses puck.
4:53 of 2nd period - Jonathan Cheechoo is hit by Tim Gleason and loses puck.
5:06 of 2nd period - Igor Makarov is hit by Matt D'Agostini and loses puck.
6:19 of 2nd period - Snap shot by Igor Makarov.
6:19 of 2nd period - Shot Misses the Net.
6:46 of 2nd period - Snap shot by David Desharnais.
6:46 of 2nd period - Stopped by Mark Dekanich with a rebound.
7:17 of 2nd period - Brett Festerling is hit by Ty Wishart and loses puck.
7:26 of 2nd period - Snap shot by Pasi Salonen.
7:26 of 2nd period - Stopped by Mark Dekanich with a rebound.
7:42 of 2nd period - Samuel Pahlsson is hit by Erik Gustafsson and loses puck.
7:48 of 2nd period - Icing by Scott Parse.
7:49 of 2nd period - Samuel Pahlsson wins face-off versus Mikael Backlund in Thunder zone.
8:14 of 2nd period - Snap shot by Mikael Backlund.
8:14 of 2nd period - Shot Misses the Net.
8:16 of 2nd period - Snap shot by Mikael Backlund.
8:16 of 2nd period - Shot Misses the Net.
9:13 of 2nd period - Johannes Salmonsson is hit by Jeff Finger and loses puck.
9:27 of 2nd period - Icing by Pasi Salonen.
9:28 of 2nd period - Pasi Salonen wins face-off versus Daultan Leveillé in National zone.
10:09 of 2nd period - Snap shot by Jonathan Matsumoto.
10:09 of 2nd period - Stopped by Mark Dekanich without a rebound.
10:10 of 2nd period - Samuel Pahlsson wins face-off versus Rico Fata in Thunder zone.
10:17 of 2nd period - Icing by Mikael Backlund.
10:18 of 2nd period - Mikael Backlund wins face-off versus Samuel Pahlsson in National zone.
10:27 of 2nd period - Wrist shot by Scott Parse.
10:27 of 2nd period - Shot Blocked by Ty Wishart.
10:48 of 2nd period - Wrist shot by Matt D'Agostini.
10:48 of 2nd period - Deflect By Tom Pyatt.
10:48 of 2nd period - Shot Blocked by David Desharnais.
10:48 of 2nd period - Puck is out of play.
10:49 of 2nd period - Mikael Backlund wins face-off versus Samuel Pahlsson in National zone.
10:49 of 2nd period - Mikael Backlund is hit by Tim Gleason.
11:03 of 2nd period - Wrist shot by Samuel Pahlsson.
11:03 of 2nd period - Shot Misses the Net.
11:19 of 2nd period - Snap shot by Matt D'Agostini.
11:19 of 2nd period - Shot Misses the Net.
11:23 of 2nd period - Wrist shot by Matt D'Agostini.
11:23 of 2nd period - Deflect By Tom Pyatt.
11:23 of 2nd period - Stopped by Tyler Plante with a rebound.
11:40 of 2nd period - Snap shot by Janne Niskala.
11:40 of 2nd period - Deflect By Pat Dwyer.
11:40 of 2nd period - Stopped by Mark Dekanich without a rebound.
11:41 of 2nd period - David Desharnais wins face-off versus Samuel Pahlsson in Thunder zone.
12:04 of 2nd period - Ty Wishart is hit by Tom Pyatt and loses puck.
12:51 of 2nd period - Snap shot by Pasi Salonen.
12:51 of 2nd period - Stopped by Mark Dekanich with a rebound.
13:07 of 2nd period - Wrist shot by Matt D'Agostini.
13:07 of 2nd period - Deflect By Dany Roussin.
13:07 of 2nd period - Stopped by Tyler Plante with a rebound.
13:09 of 2nd period - Backhand shot by Derek Peltier.
13:09 of 2nd period - Stopped by Tyler Plante without a rebound.
13:10 of 2nd period - Mikael Backlund wins face-off versus Samuel Pahlsson in National zone.
13:14 of 2nd period - Off-side.
13:15 of 2nd period - Pierre-Alexandre Parenteau wins face-off versus Mikael Backlund in neutral zone.
13:22 of 2nd period - Snap shot by Rico Fata.
13:22 of 2nd period - Shot Misses the Net.
13:40 of 2nd period - Slapshot by Doug Janik.
13:40 of 2nd period - Shot Blocked by Guillaume Desbiens.
14:37 of 2nd period - Wrist shot by Igor Makarov.
14:37 of 2nd period - Shot Blocked by Robin Leblanc.
15:17 of 2nd period - Slapshot by Dustin Kohn.
15:17 of 2nd period - Stopped by Mark Dekanich with a rebound.
15:46 of 2nd period - Icing by Doug Janik.
15:47 of 2nd period - Jonathan Matsumoto wins face-off versus Tom Pyatt in Thunder zone.
16:16 of 2nd period - Wrist shot by Scott Parse.
16:16 of 2nd period - Shot Blocked by Philip Larsen.
17:23 of 2nd period - Wrist shot by Jonathan Cheechoo.
17:23 of 2nd period - Goal by Jonathan Cheechoo - Thunder : 0 - National : 1.
17:24 of 2nd period - Mikael Backlund wins face-off versus Samuel Pahlsson in neutral zone.
17:27 of 2nd period - Backhand shot by Janne Niskala.
17:27 of 2nd period - Shot Misses the Net.
17:33 of 2nd period - Wrist shot by Mikael Backlund.
17:33 of 2nd period - Shot Misses the Net.
17:35 of 2nd period - Slapshot by Ty Wishart.
17:35 of 2nd period - Stopped by Mark Dekanich with a rebound.
17:37 of 2nd period - Slapshot by Mikael Backlund.
17:37 of 2nd period - Shot Misses the Net.
17:50 of 2nd period - Minor Penalty to Jonathan Matsumoto for Slashing.
17:51 of 2nd period - Samuel Pahlsson wins face-off versus Mikael Backlund in National zone.
19:13 of 2nd period - Dany Roussin is hit by Magnus Paajarvi-Svensson and loses puck.
19:50 of 2nd period - Penalty to Jonathan Matsumoto is over, Jonathan Matsumoto is back on ice.
Goals for this period are 0 for Thunder vs 1 for National.
Shots for this period are 4 for Thunder vs 8 for National.
3rd period
0:01 of 3rd period - Samuel Pahlsson wins face-off versus Rico Fata in neutral zone.
0:03 of 3rd period - Off-side.
0:04 of 3rd period - Mikael Backlund wins face-off versus Samuel Pahlsson in neutral zone.
0:31 of 3rd period - Jonathan Matsumoto is hit by Matt D'Agostini and loses puck.
1:18 of 3rd period - Slapshot by Igor Makarov.
1:18 of 3rd period - Shot Misses the Net.
1:20 of 3rd period - Snap shot by Magnus Paajarvi-Svensson.
1:20 of 3rd period - Shot Misses the Net.
1:22 of 3rd period - Slapshot by Erik Gustafsson.
1:22 of 3rd period - Stopped by Mark Dekanich without a rebound.
1:23 of 3rd period - Mikael Backlund wins face-off versus Tom Pyatt in Thunder zone.
1:50 of 3rd period - Ray Macias is hit by Jonathan Matsumoto and loses puck.
1:57 of 3rd period - Snap shot by Pasi Salonen.
1:57 of 3rd period - Goal by Pasi Salonen - Thunder : 0 - National : 2.
1:58 of 3rd period - Samuel Pahlsson wins face-off versus Mikael Backlund in neutral zone.
2:01 of 3rd period - Slapshot by Doug Janik.
2:01 of 3rd period - Stopped by Tyler Plante with a rebound.
2:07 of 3rd period - Snap shot by Pierre-Alexandre Parenteau.
2:07 of 3rd period - Shot Blocked by Janne Niskala.
2:23 of 3rd period - Mikael Backlund is hit by Tom Pyatt and loses puck.
2:41 of 3rd period - Rico Fata is hit by Tom Pyatt and loses puck.
3:00 of 3rd period - Snap shot by Dany Roussin.
3:00 of 3rd period - Shot Misses the Net.
3:07 of 3rd period - Snap shot by Mikael Backlund.
3:07 of 3rd period - Shot Blocked by Jeff Finger.
3:13 of 3rd period - Snap shot by Guillaume Desbiens.
3:13 of 3rd period - Shot Misses the Net.
3:15 of 3rd period - Slapshot by Janne Niskala.
3:15 of 3rd period - Stopped by Mark Dekanich with a rebound.
3:31 of 3rd period - Snap shot by Guillaume Desbiens.
3:31 of 3rd period - Shot Misses the Net.
3:33 of 3rd period - Wrist shot by Guillaume Desbiens.
3:33 of 3rd period - Goal by Guillaume Desbiens - Thunder : 0 - National : 3.
3:34 of 3rd period - Samuel Pahlsson wins face-off versus Jonathan Matsumoto in neutral zone.
4:18 of 3rd period - Slapshot by Dustin Kohn.
4:18 of 3rd period - Shot Misses the Net.
4:20 of 3rd period - Slapshot by Dustin Kohn.
4:20 of 3rd period - Stopped by Mark Dekanich without a rebound.
4:21 of 3rd period - Jonathan Matsumoto wins face-off versus Brandon Mashinter in Thunder zone.
4:22 of 3rd period - Snap shot by Jonathan Cheechoo.
4:22 of 3rd period - Stopped by Mark Dekanich without a rebound.
4:23 of 3rd period - Brandon Mashinter wins face-off versus Jonathan Matsumoto in Thunder zone.
4:48 of 3rd period - Samuel Pahlsson is hit by Chris Mueller and loses puck.
4:57 of 3rd period - Igor Makarov is hit by Robin Leblanc.
5:13 of 3rd period - Tom Pyatt is hit by Pat Dwyer and loses puck.
5:38 of 3rd period - Doug Janik is hit by Guillaume Desbiens.
5:50 of 3rd period - Tom Pyatt is hit by Erik Gustafsson and loses puck.
6:02 of 3rd period - Minor Penalty to Matt D'Agostini for Hooking.
6:03 of 3rd period - Samuel Pahlsson wins face-off versus Mikael Backlund in Thunder zone.
6:13 of 3rd period - Snap shot by Guillaume Desbiens.
6:13 of 3rd period - Stopped by Mark Dekanich without a rebound.
6:14 of 3rd period - Mikael Backlund wins face-off versus Samuel Pahlsson in Thunder zone.
6:19 of 3rd period - Slapshot by Guillaume Desbiens.
6:19 of 3rd period - Stopped by Mark Dekanich with a rebound.
6:21 of 3rd period - Slapshot by Ty Wishart.
6:21 of 3rd period - Shot Misses the Net.
6:23 of 3rd period - Slapshot by Ty Wishart.
6:23 of 3rd period - Deflect By Mikael Backlund.
6:23 of 3rd period - Goal by Mikael Backlund - Thunder : 0 - National : 4.
6:24 of 3rd period - Samuel Pahlsson wins face-off versus Mikael Backlund in neutral zone.
6:26 of 3rd period - Off-side.
6:27 of 3rd period - Samuel Pahlsson wins face-off versus Mikael Backlund in neutral zone.
6:56 of 3rd period - Wrist shot by Pasi Salonen.
6:56 of 3rd period - Deflect By Tom Pyatt.
6:56 of 3rd period - Stopped by Mark Dekanich with a rebound.
6:58 of 3rd period - Wrist shot by Jonathan Matsumoto.
6:58 of 3rd period - Shot Blocked by Matt D'Agostini.
7:00 of 3rd period - Snap shot by Jonathan Cheechoo.
7:00 of 3rd period - Goal by Jonathan Cheechoo - Thunder : 0 - National : 5.
7:01 of 3rd period - Samuel Pahlsson wins face-off versus Mikael Backlund in neutral zone.
8:02 of 3rd period - Off-side.
8:03 of 3rd period - Chris Mueller wins face-off versus Daultan Leveillé in neutral zone.
8:16 of 3rd period - Snap shot by Magnus Paajarvi-Svensson.
8:16 of 3rd period - Shot Misses the Net.
8:35 of 3rd period - Snap shot by Dany Roussin.
8:35 of 3rd period - Shot Misses the Net.
8:37 of 3rd period - Slapshot by Matt D'Agostini.
8:37 of 3rd period - Stopped by Tyler Plante without a rebound.
8:38 of 3rd period - Samuel Pahlsson wins face-off versus Pasi Salonen in National zone.
9:36 of 3rd period - Wrist shot by David Desharnais.
9:36 of 3rd period - Goal by David Desharnais - Thunder : 0 - National : 6.
9:37 of 3rd period - Mikael Backlund wins face-off versus Samuel Pahlsson in neutral zone.
9:44 of 3rd period - Snap shot by Guillaume Desbiens.
9:44 of 3rd period - Stopped by Mark Dekanich with a rebound.
9:46 of 3rd period - Slapshot by Ty Wishart.
9:46 of 3rd period - Stopped by Mark Dekanich with a rebound.
9:48 of 3rd period - Slapshot by Ty Wishart.
9:48 of 3rd period - Shot Misses the Net.
10:17 of 3rd period - Snap shot by Scott Parse.
10:17 of 3rd period - Stopped by Tyler Plante without a rebound.
10:18 of 3rd period - Mikael Backlund wins face-off versus Dany Roussin in National zone.
10:50 of 3rd period - Tim Gleason is hit by Pasi Salonen and loses puck.
11:26 of 3rd period - Off-side.
11:27 of 3rd period - Tom Pyatt wins face-off versus Mikael Backlund in neutral zone.
11:34 of 3rd period - Wrist shot by Tom Pyatt.
11:34 of 3rd period - Stopped by Tyler Plante with a rebound.
12:13 of 3rd period - Samuel Pahlsson is hit by David Desharnais and loses puck.
12:38 of 3rd period - Wrist shot by Igor Makarov.
12:38 of 3rd period - Stopped by Mark Dekanich without a rebound.
12:39 of 3rd period - Tom Pyatt wins face-off versus Mikael Backlund in Thunder zone.
12:44 of 3rd period - Wrist shot by Tom Pyatt.
12:44 of 3rd period - Stopped by Tyler Plante with a rebound.
12:46 of 3rd period - Snap shot by Doug Janik.
12:46 of 3rd period - Shot Misses the Net.
12:48 of 3rd period - Slapshot by Matt D'Agostini.
12:48 of 3rd period - Shot Misses the Net.
12:50 of 3rd period - Slapshot by Tim Gleason.
12:50 of 3rd period - Stopped by Tyler Plante with a rebound.
13:02 of 3rd period - Ty Wishart is hit by Tim Gleason and loses puck.
13:29 of 3rd period - Wrist shot by David Desharnais.
13:29 of 3rd period - Shot Misses the Net.
14:07 of 3rd period - Snap shot by Scott Parse.
14:07 of 3rd period - Deflect By Mikael Backlund.
14:07 of 3rd period - Stopped by Tyler Plante with a rebound.
14:13 of 3rd period - Scott Parse is hit by Guillaume Desbiens.
14:23 of 3rd period - Robin Leblanc is hit by Janne Niskala and loses puck.
14:42 of 3rd period - Matt D'Agostini is hit by Pasi Salonen and loses puck.
15:07 of 3rd period - Jannik Hansen is hit by Rico Fata and loses puck.
16:19 of 3rd period - Jeff Finger is hit by Jonathan Matsumoto and loses puck.
16:40 of 3rd period - Doug Janik is hit by Ty Wishart and loses puck.
16:49 of 3rd period - Slapshot by Magnus Paajarvi-Svensson.
16:49 of 3rd period - Stopped by Mark Dekanich with a rebound.
16:52 of 3rd period - Icing by Tim Gleason.
16:53 of 3rd period - Daultan Leveillé wins face-off versus Mikael Backlund in Thunder zone.
17:10 of 3rd period - Jannik Hansen is hit by Rico Fata and loses puck.
17:19 of 3rd period - Snap shot by Scott Parse.
17:19 of 3rd period - Shot Hit the Post.
17:21 of 3rd period - Snap shot by Jannik Hansen.
17:21 of 3rd period - Goal by Jannik Hansen - Thunder : 1 - National : 6.
17:22 of 3rd period - Mikael Backlund wins face-off versus Matt D'Agostini in neutral zone.
17:31 of 3rd period - Snap shot by Tom Pyatt.
17:31 of 3rd period - Stopped by Tyler Plante with a rebound.
17:33 of 3rd period - Snap shot by Dany Roussin.
17:33 of 3rd period - Stopped by Tyler Plante with a rebound.
17:35 of 3rd period - Wrist shot by Dany Roussin.
17:35 of 3rd period - Stopped by Tyler Plante without a rebound.
17:36 of 3rd period - Brandon Mashinter wins face-off versus Jonathan Matsumoto in National zone.
18:11 of 3rd period - Snap shot by Dany Roussin.
18:11 of 3rd period - Shot Blocked by Mikael Backlund.
18:51 of 3rd period - Samuel Pahlsson is hit by Jonathan Cheechoo and loses puck.
18:58 of 3rd period - Snap shot by Jonathan Matsumoto.
18:58 of 3rd period - Shot Misses the Net.
19:44 of 3rd period - Minor Penalty to Brett Festerling for Hooking.
19:45 of 3rd period - Mikael Backlund wins face-off versus Samuel Pahlsson in Thunder zone.
Goals for this period are 1 for Thunder vs 5 for National.
Shots for this period are 11 for Thunder vs 16 for National.
Output by the SimonT Hockey Simulator (STHS) for François Prévost -- Original Page W3C XHTML 1.0 Valid